Unix NetHack Version 5.0.0-0 post-release - last build Jun 10 2026 00:39:30 (3ee93aec679c4c4259841fe613dc97188e26a321,branch:main).

Game began 2026-06-10 17:08:48, ended 2026-06-10 17:25:40.

Eymerich, chaotic male elven Priest

                  ------     ------           --------          ----------
                  -.....| ###.....|           |......           |........|
                  |.....@@###|....|###        +.....     0######.........|
                  |....:|  ##|.....##         |....      #      |........|
                  |.$...     |....|0####      |..        #      |........|
                  |....      |..$.|    ######  .         #      .........|
                  -.---      ------         #####0# ###0##      |....<...|
                                                ###########     ------|---
                                                          #           #
                                                                      #
                                                                      #
                                                                      #
                                                                      #
                                                                      #
                                                                      #
                                                                     -.----
                                                                     |....|
                                                                     |....|
                                                                     ------

Eymerich the Aspirant        St:12 Dx:9 Co:15 In:10 Wi:20 Ch:10  Chaotic
Dlvl:4  $:31 HP:0(22) Pw:25(25) AC:7  Xp:2 T:1751  Burdened

Latest messages:
 Your movements are slowed slightly because of your load.
 What do you want to use or apply? [g-ikrCD or ?*]
 In what direction?
 There is an unlocked large box containing 5 items here; lock it? [ynq] (q)
 You succeed in locking the box.
 #
 Where do you want to travel to?
 (For instructions type a '?')
 You are already here.
 You can't go down here.
 You can't go up here.
 You can't go down here.
 Where do you want to travel to?
 (For instructions type a '?')
 You swap places with Puffa.
 You swap places with Puffa.
 You swap places with Puffa.
 You fall down the stairs.
 You sense the presence of monsters.
 (For instructions type a '?')
 Puffa eats a fortune cookie.
 Puffa picks up a gold piece.
 You see here 3 gold pieces.
 You have a little trouble lifting $ - 3 gold pieces (30 in total).
 Puffa drops a gold piece.
 You see here a gold piece.
 You have a little trouble lifting $ - a gold piece (31 in total).
 #
 Talk to whom? (in what direction)
 Puffa mews.
 You hear a door open.
 The hobbit throws an elven dagger!
 You are hit by an elven dagger.
 There is nothing here to pick up.
 The hobbit hits!
 You hit the hobbit!
 The hobbit hits!
 The hobbit hits!
 You kill the hobbit!
 The werejackal picks up an elven dagger.
 Puffa bites the werejackal.
 The werejackal wields an elven dagger!
 Puffa bites the werejackal.
 The werejackal thrusts his elven dagger at Puffa.
 The werejackal misses Puffa.
 You hear some noises.
 The werejackal thrusts his elven dagger.
 The werejackal hits!
 You die...
 Do you want your possessions identified? [ynq] (y)

Inventory:
 Coins    ('$')
  $ - 31 gold pieces
 Weapons  (')')
  p - 46 blessed +2 arrows
  q - a blessed +0 arrow
  l - 8 +0 arrows
  a - a blessed +1 mace (weapon in right hand)
 Armor    ('[')
  c - a +0 small shield (being worn)
  b - a +0 robe (being worn)
 Comestibles  ('%')
  y - a slime mold
  e - 2 cloves of garlic
  z - 3 food rations
  f - a sprig of wolfsbane
  E - a tin of spinach
  u - 2 lichen corpses
 Scrolls  ('?')
  A - 2 scrolls of identify
 Spellbooks  ('+')
  h - a spellbook of detect monsters
  g - a spellbook of light
 Potions  ('!')
  s - a potion of speed
  d - 4 potions of holy water
 Wands    ('/')
  C - a wand of speed monster (0:8)
 Tools    ('(')
  i - a wooden harp
  D - a beartrap
  r - a brass lantern
  k - a skeleton key
 Gems/Stones  ('*')
  t - a worthless piece of green glass named soft

Eymerich the Priest's attributes:

Background:
 You were an Aspirant, a level 2 elven Priest.
 You were chaotic, on a mission for Offler
 who was opposed by Blind Io (lawful) and The Lady (neutral).
 You were right-handed.
 You were in the Dungeons of Doom, on level 4.
 You entered the dungeon 1751 turns ago.
 You had 37 experience points, 3 more were needed to attain level 3.

Basics:
 You had 0 out of 22 hit points.
 You had all 25 energy points (spell power).
 Your armor class was 7.
 Your wallet contained 31 zorkmids.
 Autopickup was off.

Final Characteristics:
 Your strength was 12 (limit:18).
 Your dexterity was 9 (limit:18).
 Your constitution was 15 (limit:16).
 Your intelligence was 10 (limit:20).
 Your wisdom was 20 (limit:20).
 Your charisma was 10 (limit:18).

Final Status:
 You weren't hungry.
 You were burdened; movement was slightly slowed.
 You were wielding a mace.
 You had basic skill with mace.

Final Attributes:
 You were devoutly aligned.
 You had infravision.
 You were guarded.
 Your spell casting was enhanced by wearing a robe.
 You are dead.

Miscellaneous:
 You didn't encounter any bones levels.
 Total elapsed playing time was 16 minutes and 51 seconds.

Major events:
 Turn
    1: Eymerich the chaotic elven Priest entered the dungeon
  573: entered the Gnomish Mines
 1751: killed by a werejackal

Spells:
 Name                 Level Category     Fail Retention
 light                  1   clerical       0%  91%-100%
 detect monsters        1   divination     0%  76%-100%

Skills:
 Fighting Skills
   bare handed combat [Unskilled]
 Weapon Skills
   club               [Unskilled]
   mace               [Basic]
   morning star       [Unskilled]
   flail              [Unskilled]
   hammer             [Unskilled]
   quarterstaff       [Unskilled]
   polearms           [Unskilled]
   spear              [Unskilled]
   trident            [Unskilled]
   lance              [Unskilled]
   bow                [Unskilled]
   sling              [Unskilled]
   crossbow           [Unskilled]
   dart               [Unskilled]
   shuriken           [Unskilled]
   boomerang          [Unskilled]
   unicorn horn       [Unskilled]
 Spellcasting Skills
   healing spells     [Unskilled]
   divination spells  [Unskilled]
   clerical spells    [Basic]

Voluntary challenges:
 Character rerolling was not enabled.
 You never genocided any monsters.
 You never polymorphed an object.
 You never changed form.
 You used no wishes.
Achievement:
 You entered the Gnomish Mines.

 The Dungeons of Doom: levels 1 to 4
    Level 1: "iron bars"
    Level 2:
       A fountain.
       Stairs down to The Gnomish Mines.
    Level 3: "box 5 items"
       A fountain.
    Level 4: <- You were here.
       Final resting place for
          you, killed by a werejackal.
 The Gnomish Mines:
    Level 3:


Vanquished creatures:
 an acid blob
  a hobbit
  a gnome zombie
  2 geckos
  4 jackals
  a fox
  4 lichens
  3 newts
17 creatures vanquished.

No species were genocided or became extinct.

Game over:
                       ----------
                      /          \
                     /    REST    \
                    /      IN      \
                   /     PEACE      \
                  /                  \
                  |     Eymerich     |
                  |      31 Au       |
                  |   killed by a    |
                  |    werejackal    |
                  |                  |
                  |                  |
                  |       2026       |
                 *|     *  *  *      | *
        _________)/\\_//(\/(/\)/\//\/|_)_______

Goodbye Eymerich the Priest...

You died in The Dungeons of Doom on dungeon level 4 with 336 points,
and 31 pieces of gold, after 1751 moves.
You were level 2 with a maximum of 22 hit points when you died.

